 Dungeon Crawl Stone Soup version 0.31-a0-152-g6aa68a64a1 (webtiles) character file.

Game seed: 16628137503693663011

11587 qw the Marksminotaur (level 11, -6/101 HPs)
             Began as a Minotaur Hunter on June 9, 2023.
             Was an Elder of Okawaru.
             Mangled by a troll (13 damage)
             ... on level 11 of the Dungeon.
             The game lasted 00:03:56 (10000 turns).

qw the Marksminotaur (Minotaur Hunter)             Turns: 10000, Time: 00:03:56

Health: -6/101     AC:  9    Str: 11    XL:     11   Next: 51%
Magic:  14/14      EV: 19    Int:  9    God:    Okawaru [****..]
Gold:   1245       SH:  0    Dex: 18    Spells: 10/10 levels left

rFire   . . .        Y - +1 arbalest
rCold   + . .        (shield currently unavailable)
rNeg    . . .        j - +1 leather armour {rC+}
rPois   .            (helmet restricted)
rElec   .            o - +0 cloak
rCorr   .            f - +0 pair of gloves
SInv    .            i - +0 pair of boots
Will    .....        k - amulet "Emuqous" {Faith Harm Str-5 Int+3 Stlth+}
Stlth   ++++         (no ring)
HPRegen 0.36/turn    (no ring)
MPRegen 0.14/turn

%: harm (+30% outgoing, +20% incoming), faith
@: heroic
A: horns 2, retaliatory headbutt
a: Renounce Religion, Heroism, Finesse


You were on level 11 of the Dungeon.
You worshipped Okawaru.
Okawaru was greatly pleased with you.
You visited 2 branches of the dungeon, and saw 12 of its levels.

You collected 1245 gold pieces.


Innate Abilities, Weirdness & Mutations

You have a pair of horns on your head.
You reflexively headbutt those who attack you in melee.


   Skills:
 - Level 10.3(15.3) Fighting
 + Level 15.0(20.0) Ranged Weapons
 - Level 4.4(9.4) Armour
 - Level 7.0(12.0) Dodging
 - Level 0.7(5.7) Stealth
 + Level 6.3 Invocations


You had 10 spell levels left.
You didn't know any spells.
Your spell library was empty.

Inventory:

Hand Weapons
 Y - a +1 arbalest (weapon)
Armour
 f - a +0 pair of gloves (worn)
 i - a +0 pair of boots (worn)
 j - a +1 leather armour of cold resistance (worn)
 l - the +1 robe of Death's Door {Int+5 Dex+3}
   (You found it on level 10 of the Dungeon)

   Int:       It affects your intelligence (+5).
   Dex:       It affects your dexterity (+3).
 o - a +0 cloak (worn)
Jewellery
 k - the amulet "Emuqous" (around neck) {Faith Harm Str-5 Int+3 Stlth+}
   (You found it on level 6 of the Dungeon)

   [amulet of faith]

   It allows you to gain divine favour quickly.
   Str:       It affects your strength (-5).
   Int:       It affects your intelligence (+3).
   Harm:      It increases damage dealt and taken.
   Stlth:     It makes you more stealthy.
Scrolls
 a - 4 scrolls of identify
Potions
 d - 7 potions of curing
 e - a potion of haste
 g - a potion of might
 h - 2 potions of cancellation
 m - a potion of magic
 p - a potion of mutation

Dungeon Overview and Level Annotations

Branches:
Dungeon (11/15)            Temple (1/1) D:5             Orc (0/2) D:10
   Lair: D:8-11

Altars:
Ashenzari
Cheibriados
Dithmenos
Elyvilon
Fedhas
Gozag
Hepliaklqana
Kikubaaqudgha
Makhleb
Nemelex Xobeh
Okawaru
Qazlal
Ru
Sif Muna
Trog
Uskayaw
Vehumet
Wu Jian
Xom
Yredelemnul
Zin
The Shining One

Shops:
D:10 :

Annotations:
D:4 1 runed translucent door, qw's ghost, amateur MiHu
D:8 3 runed translucent doors, qw's ghost, novice GrFi


Message History

Your base Ranged Weapons skill increases to level 15!
9995 ||| DRINKING 8 potions of curing.
You feel better.
9995 ||| (to cure confusion)
The polar bear misses you. The polar bear closely misses you. x2
The ice beast barely misses you.
You shoot a bolt. The bolt hits the polar bear.
The polar bear is lightly wounded.
The orc wizard hits you with a +0 dagger.
The troll closely misses you. The troll completely misses you. x2
The ice beast misses you. The polar bear misses you.
The polar bear completely misses you.
The polar bear claws you but does no damage.
You shoot a bolt.
The bolt hits the polar bear but does no damage.
The polar bear is lightly wounded.
The orc wizard hits you but does no damage.
The troll closely misses you. The troll claws you but does no damage.
The troll closely misses you. The ice beast closely misses you.
The polar bear misses you. The polar bear closely misses you.
The polar bear barely misses you.
You shoot a bolt. The bolt hits the polar bear!!
The polar bear is severely wounded.
The orc wizard barely misses you.
An ice beast comes into view. x2
The troll bites you! The troll claws you but does no damage.
The troll closely misses you. The ice beast closely misses you.
The polar bear bites you but does no damage.
The polar bear closely misses you. The polar bear misses you.
You shoot a bolt. The bolt hits the polar bear.
The polar bear is severely wounded.
The orc wizard hits you but does no damage.
The troll bites you. The troll claws you!
The troll claws you but does no damage. The ice beast barely misses you.
The polar bear bites you. The polar bear barely misses you. x2
You shoot a bolt. The bolt hits the polar bear!!
You kill the polar bear!
Okawaru accepts your kill. The orc wizard misses you.
The ice beast closely misses you. You furiously retaliate!
You headbutt the ice beast. The troll bites you!
You die...

#....
######.....
#....^.#
##...### #.
#...# .. #...#
.. . ##...#
.#...
##....###YY....
##.#....@o{....#
#<.....TYo......
##.#............
#.#...###......
#.##### ......
... ...... ...
..... .... .....
#####


You could see a troll, 3 ice beasts, an orc wizard and an orc.

Vanquished Creatures
  Harold (D:9)
  2 two-headed ogres (D:10)
  A boulder beetle (D:10)
  Pikel (D:6)
  Joseph (D:9)
  Maggie (D:6)
  A rime drake (D:11)
  A polar bear (D:11)
  A hornet (D:9)
  Grinder (D:3)
  Sigmund (D:3)
  A vampire (D:10)
  A shadow (D:10)
  9 yaks (D:8)
  A wraith (D:9)
  5 humans (D:8)
  A steam dragon (D:5)
  Menkaure (D:5)
  Edmund (D:6)
  A water moccasin (D:7)
  Duvessa (D:5)
  3 acid dragons
  3 orc warriors
  An ice beast (D:11)
  2 centaurs (D:8)
  3 wolves (D:11)
  2 ogres
  4 lemures (D:6)
  4 phantoms
  A kobold brigand (D:9)
  2 bullfrogs
  A gnoll sergeant (D:9)
  2 scorpions
  2 water moccasin zombies (D:4)
  11 wights
  Dowan (D:5)
  A water moccasin skeleton (D:4)
  8 killer bees
  6 howler monkeys
  3 jellies (D:6)
  3 hounds
  7 orc priests
  2 iguanas
  A sleepcap (D:6)
  Ijyb (D:3)
  10 orc wizards
  2 hound zombies (D:4)
  6 adders
  10 gnolls
  A howler monkey skeleton (D:4)
  A white imp (D:6)
  An ufetubus (D:7)
  2 adder zombies (D:4)
  An adder skeleton (D:4)
  2 worms (D:4)
  3 dart slugs
  35 orcs
  8 bats
  4 endoplasms
  6 giant cockroaches
  5 goblins
  8 hobgoblins
  7 jackals
  3 kobolds
  4 quokkas
  6 ball pythons
  4 frilled lizards
  3 rats (D:3)
240 creatures vanquished.

Vanquished Creatures (others)
  An orc wizard (D:6)
  An orc (D:6)
2 creatures vanquished.

Grand Total: 242 creatures vanquished

Notes
Turn   | Place    | Note
-------+----------+-------------------------------------------
     0 | D:1      | qw the Minotaur Hunter began the quest for the Orb.
     0 | D:1      | Reached XP level 1. HP: 18/18 MP: 0/0
     0 | D:1      | 0 ||| qw: Version: 0.2-a-121-gba3a3e5
     0 | D:1      | 0 ||| qw: Game counter: 3226
     0 | D:1      | 0 ||| qw: Always use a shield: true
     0 | D:1      | 0 ||| qw: God list: Okawaru
     0 | D:1      | 0 ||| qw: Allow faded altars: false
     0 | D:1      | 0 ||| qw: Do Orc after D:15 true
     0 | D:1      | 0 ||| qw: Do second Lair branch before Depths: true
     0 | D:1      | 0 ||| qw: Lair rune preference: random
     0 | D:1      | 0 ||| qw: Plans: Normal
     0 | D:1      | 0 ||| PLANNING D:1-11
    27 | D:1      | 27 ||| Stepping ~*~*~tactically~*~*~ (water).
   127 | D:1      | Reached XP level 2. HP: 25/25 MP: 1/1
   139 | D:1      | Reached skill level 5 in Ranged Weapons
   284 | D:1      | Reached skill level 3 in Fighting
   296 | D:1      | Reached XP level 3. HP: 24/31 MP: 2/2
   677 | D:1      | 677 ||| READING scroll labelled TEOKOR ROAK.
   678 | D:1      | 678 ||| DROPPING scroll of butterflies.
  1016 | D:2      | Identified the +11 hand axe of Overwhelming Force {heavy,
                  | rElec rPois Will- Str+3}
  1034 | D:2      | Reached XP level 4. HP: 38/38 MP: 3/3
  1047 | D:2      | Reached skill level 6 in Ranged Weapons
  1690 | D:2      | 1690 ||| READING scroll labelled ODDEAP XUL.
  1690 | D:2      | Identified a scroll of acquirement
  1690 | D:2      | 1690 ||| ACQUIRING 615 gold pieces
  1690 | D:2      | Acquired 615 gold pieces
  1692 | D:2      | 1692 ||| READING scroll labelled DIJ CUAMEULI.
  1693 | D:2      | 1693 ||| DRINKING 2 metallic ruby potions.
  1785 | D:3      | You fall into a shaft and drop 1 floor!
  1786 | D:4      | 1786 ||| UPGRADING to +0 ring mail.
  1796 | D:4      | 1796 ||| DROPPING +0 leather armour.
  1838 | D:3      | Reached skill level 1 in Armour
  1848 | D:3      | Noticed Sigmund
  1861 | D:3      | Killed Sigmund
  1862 | D:3      | Reached skill level 6 in Fighting
  1862 | D:3      | Reached XP level 5. HP: 18/50 MP: 4/4
  1862 | D:3      | Reached XP level 6. HP: 21/57 MP: 5/5
  2156 | D:3      | Noticed Grinder
  2160 | D:3      | Paralysed by Grinder for 2 turns
  2170 | D:3      | Killed Grinder
  2171 | D:3      | Reached skill level 7 in Ranged Weapons
  2386 | D:3      | Noticed Ijyb
  2396 | D:3      | Killed Ijyb
  2397 | D:3      | Reached XP level 7. HP: 61/63 MP: 6/6
  2517 | D:3      | 2517 ||| READING scroll labelled PIOGAFUOXKOT.
  2518 | D:3      | 2518 ||| READING scroll labelled ACWEOG IGING.
  2619 | D:3      | 2619 ||| READING scroll labelled JUGA VAECE.
  2622 | D:3      | 2622 ||| DRINKING 2 grey potions.
  2734 | D:4      | Reached skill level 8 in Ranged Weapons
  2972 | D:4      | Reached skill level 9 in Ranged Weapons
  3090 | D:4      | Reached skill level 3 in Dodging
  3161 | D:4      | Found a runed translucent door.
  3168 | D:4      | Noticed qw's ghost (amateur MiHu)
  3284 | D:4      | Reached XP level 8. HP: 63/70 MP: 7/7
  3316 | D:4      | 3316 ||| Stepping ~*~*~tactically~*~*~ (water).
  3677 | D:4      | 3677 ||| READING scroll labelled ONUERI PIEXOB.
  3678 | D:4      | 3678 ||| READING 4 scrolls of identify.
  3678 | D:4      | 3678 ||| IDENTIFYING cyan potion
  3679 | D:4      | 3679 ||| READING 3 scrolls of identify.
  3679 | D:4      | 3679 ||| IDENTIFYING fizzy purple potion
  3680 | D:4      | 3680 ||| READING 2 scrolls of identify.
  3680 | D:4      | 3680 ||| IDENTIFYING fuming silvery potion
  3681 | D:4      | 3681 ||| DROPPING potion of lignification.
  3697 | D:5      | Entered Level 5 of the Dungeon
  3780 | D:5      | Found a staircase to the Ecumenical Temple.
  3781 | D:5      | 3781 ||| PLANNING TEMPLE
  3790 | Temple   | Entered the Ecumenical Temple
  3865 | Temple   | 3865 ||| PLANNING OKAWARU WORSHIP
  3934 | Temple   | Became a worshipper of Warmaster Okawaru
  3934 | Temple   | 3934 ||| PLANNING D:1-11
  3977 | D:5      | Reached skill level 10 in Ranged Weapons
  3978 | D:5      | Noticed Duvessa
  3978 | D:5      | Noticed Dowan
  3981 | D:5      | 3981 ||| FLEEEEING.
  3982 | D:5      | 3982 ||| FLEEEEING.
  3987 | D:5      | Killed Duvessa
  3993 | D:5      | Killed Dowan
  4135 | D:5      | 4135 ||| Stepping ~*~*~tactically~*~*~ (cloud).
  4311 | D:5      | Noticed Menkaure
  4313 | D:5      | 4313 ||| FLEEEEING.
  4314 | D:5      | 4314 ||| FLEEEEING.
  4315 | D:5      | 4315 ||| FLEEEEING.
  4316 | D:5      | 4316 ||| FLEEEEING.
  4324 | D:5      | 4324 ||| STAIRDANCE
  4452 | D:4      | 4452 ||| UPGRADING to +0 pair of boots.
  4457 | D:4      | 4457 ||| READING scroll labelled NUOFEIPTUN.
  4458 | D:4      | 4458 ||| READING 2 scrolls of identify.
  4458 | D:4      | 4458 ||| IDENTIFYING green potion
  4459 | D:4      | 4459 ||| DROPPING potion of brilliance.
  4566 | D:5      | HP: 11/73 [??? (9)]
  4567 | D:5      | 4567 ||| DRINKING 3 potions of heal wounds.
  4568 | D:5      | 4568 ||| DRINKING 2 potions of heal wounds.
  4571 | D:5      | 4571 ||| DRINKING potion of heal wounds.
  4572 | D:5      | Killed Menkaure
  4728 | D:6      | Reached * piety under Okawaru
  4729 | D:6      | Reached skill level 11 in Ranged Weapons
  4730 | D:6      | 4730 ||| INVOKING Heroism.
  4731 | D:6      | Noticed Maggie
  4746 | D:6      | 4746 ||| STAIRDANCE
  4920 | D:6      | Killed Maggie
  4921 | D:6      | Reached skill level 3 in Armour
  4921 | D:6      | Reached XP level 9. HP: 69/79 MP: 7/9
  4921 | D:6      | 4921 ||| STAIRDANCE
  4982 | D:6      | 4982 ||| INVOKING Heroism.
  4985 | D:6      | 4985 ||| Stepping ~*~*~tactically~*~*~ (outnumbered).
  4988 | D:6      | 4988 ||| Stepping ~*~*~tactically~*~*~ (outnumbered).
  5001 | D:6      | 5001 ||| INVOKING Heroism.
  5042 | D:6      | 5042 ||| INVOKING Heroism.
  5090 | D:6      | Noticed Edmund
  5091 | D:6      | 5091 ||| INVOKING Heroism.
  5100 | D:6      | Killed Edmund
  5101 | D:6      | Reached skill level 3 in Invocations
  5113 | D:6      | 5113 ||| FLEEEEING.
  5114 | D:6      | 5114 ||| INVOKING Heroism.
  5115 | D:6      | 5115 ||| FLEEEEING.
  5264 | D:6      | 5264 ||| SWAPPING to +0 arbalest.
  5265 | D:6      | 5265 ||| DROPPING +0 shortbow of draining.
  5369 | D:6      | Noticed Pikel
  5370 | D:6      | 5370 ||| INVOKING Heroism.
  5387 | D:6      | Killed Pikel
  5573 | D:6      | 5573 ||| Stepping ~*~*~tactically~*~*~ (outnumbered).
  5578 | D:6      | 5578 ||| Stepping ~*~*~tactically~*~*~ (outnumbered).
  5583 | D:6      | Reached skill level 12 in Ranged Weapons
  5623 | D:6      | Identified the amulet "Emuqous" {Faith Harm Str-5 Int+3
                  | Stlth+}
  5667 | D:6      | 5667 ||| INVOKING Heroism.
  5761 | D:6      | Found a white marble altar of Elyvilon.
  5951 | D:6      | 5951 ||| UPGRADING to +0 steam dragon scales.
  5961 | D:6      | 5961 ||| DROPPING +0 ring mail.
  5962 | D:6      | 5962 ||| UPGRADING to amulet "Emuqous" {Faith Harm Str-5
                  | Int+3 Stlth+}.
  5967 | D:6      | 5967 ||| READING scroll labelled SIRIDAPUTU.
  5968 | D:6      | 5968 ||| READING scroll labelled ZASHA MIDGHYLLU.
  6204 | D:7      | 6204 ||| INVOKING Heroism.
  6205 | D:7      | 6205 ||| Stepping ~*~*~tactically~*~*~ (outnumbered).
  6240 | D:7      | 6240 ||| INVOKING Heroism.
  6944 | D:7      | 6944 ||| UPGRADING to +0 pair of gloves.
  6949 | D:7      | 6949 ||| UPGRADING to +1 leather armour of cold resistance.
  6959 | D:7      | 6959 ||| UPGRADING to +0 cloak.
  6964 | D:7      | 6964 ||| READING scroll labelled FIFOSCH MORGHOO.
  6965 | D:7      | 6965 ||| READING scroll labelled MOUDISMOZI.
  6966 | D:7      | 6966 ||| READING 2 scrolls of identify.
  6966 | D:7      | 6966 ||| IDENTIFYING coppery potion
  7004 | D:8      | Reached skill level 6 in Dodging
  7010 | D:8      | 7010 ||| STAIRDANCE
  7013 | D:7      | Reached XP level 10. HP: 76/86 MP: 12/12
  7082 | D:8      | Reached ** piety under Okawaru
  7124 | D:8      | Found a sparkling altar of Nemelex Xobeh.
  7167 | D:8      | Noticed qw's ghost (novice GrFi)
  7177 | D:8      | Found a runed translucent gate.
  7177 | D:8      | Found a runed translucent gate.
  7177 | D:8      | Found a runed translucent gate.
  7284 | D:8      | 7284 ||| Stepping ~*~*~tactically~*~*~ (outnumbered).
  7292 | D:8      | 7292 ||| Stepping ~*~*~tactically~*~*~ (outnumbered).
  7302 | D:8      | 7302 ||| Stepping ~*~*~tactically~*~*~ (outnumbered).
  7316 | D:8      | 7316 ||| INVOKING Heroism.
  7321 | D:8      | Reached skill level 13 in Ranged Weapons
  7617 | D:8      | 7617 ||| INVOKING Heroism.
  7622 | D:8      | Reached skill level 9 in Fighting
  7668 | D:8      | 7668 ||| FLEEEEING.
  7737 | D:8      | Reached *** piety under Okawaru
  7754 | D:8      | 7754 ||| Stepping ~*~*~tactically~*~*~ (outnumbered).
  7756 | D:8      | 7756 ||| Stepping ~*~*~tactically~*~*~ (outnumbered).
  7758 | D:8      | 7758 ||| Stepping ~*~*~tactically~*~*~ (outnumbered).
  7760 | D:8      | 7760 ||| Stepping ~*~*~tactically~*~*~ (outnumbered).
  7762 | D:8      | 7762 ||| Stepping ~*~*~tactically~*~*~ (outnumbered).
  7923 | D:8      | 7923 ||| READING scroll labelled VOPA VOEKHEKKU.
  7924 | D:8      | 7924 ||| READING scroll labelled HECKAUNAYQ.
  7925 | D:8      | 7925 ||| READING scroll labelled LUNOUW YRCHUG.
  7926 | D:8      | 7926 ||| DRINKING 2 purple potions.
  7927 | D:8      | 7927 ||| READING 3 scrolls of identify.
  7927 | D:8      | 7927 ||| IDENTIFYING fizzy puce potion
  7928 | D:8      | 7928 ||| DROPPING potion of attraction.
  7930 | D:8      | 7930 ||| Stepping ~*~*~tactically~*~*~ (cloud).
  8031 | D:9      | Reached skill level 14 in Ranged Weapons
  8031 | D:9      | 8031 ||| STAIRDANCE
  8147 | D:9      | Identified the +7 dagger of the Five Wars {holy, rC- rCorr
                  | Str+4}
  8229 | D:9      | Noticed Joseph
  8234 | D:9      | 8234 ||| INVOKING Heroism.
  8241 | D:9      | HP: 18/92 [Joseph/sling bullet (7)]
  8242 | D:9      | 8242 ||| READING scroll of teleportation.
  8242 | D:9      | HP: 5/93 [Joseph/sling bullet (14)]
  8319 | D:9      | 8319 ||| INVOKING Heroism.
  8351 | D:9      | 8351 ||| INVOKING Heroism.
  8354 | D:9      | Killed Joseph
  8414 | D:9      | 8414 ||| FLEEEEING.
  8417 | D:9      | 8417 ||| STAIRDANCE
  8635 | D:9      | Found a hide-covered altar of Uskayaw.
  8637 | D:9      | Found a hazy altar of Hepliaklqana.
  8660 | D:9      | Noticed Harold
  8661 | D:9      | 8661 ||| INVOKING Heroism.
  8670 | D:9      | Killed Harold
  8671 | D:9      | Reached XP level 11. HP: 100/101 MP: 11/13
  8675 | D:9      | 8675 ||| FLEEEEING.
  8676 | D:9      | 8676 ||| FLEEEEING.
  8677 | D:9      | 8677 ||| FLEEEEING.
  8678 | D:9      | 8678 ||| FLEEEEING.
  8679 | D:9      | 8679 ||| FLEEEEING.
  8680 | D:9      | 8680 ||| FLEEEEING.
  8681 | D:9      | 8681 ||| FLEEEEING.
  8684 | D:9      | Reached **** piety under Okawaru
  9001 | D:9      | Found a glowing silver altar of Zin.
  9003 | D:9      | Found a snail-covered altar of Cheibriados.
  9176 | D:9      | 9176 ||| DROPPING amulet of magic regeneration.
  9196 | D:10     | Entered Level 10 of the Dungeon
  9200 | D:10     | 9200 ||| STAIRDANCE
  9282 | D:10     | Identified the +1 robe of Death's Door {Int+5 Dex+3}
  9359 | D:10     | Noticed a boulder beetle
  9360 | D:10     | 9360 ||| INVOKING Heroism.
  9366 | D:10     | Killed a boulder beetle
  9384 | D:10     | Noticed a two-headed ogre
  9385 | D:10     | 9385 ||| INVOKING Heroism.
  9389 | D:10     | Killed a two-headed ogre
  9402 | D:10     | 9402 ||| DROPPING +0 acid dragon scales.
  9403 | D:10     | 9403 ||| DROPPING +0 steam dragon scales.
  9404 | D:10     | 9404 ||| READING 4 scrolls of identify.
  9404 | D:10     | 9404 ||| IDENTIFYING black potion
  9432 | D:10     | Found a staircase to the Orcish Mines.
  9436 | D:10     | 9436 ||| INVOKING Heroism.
  9437 | D:10     | Noticed a two-headed ogre
  9446 | D:10     | Killed a two-headed ogre
  9597 | D:10     | Found Myptioje's Book Emporium.
  9622 | D:10     | 9622 ||| INVOKING Heroism.
  9971 | D:11     | Reached skill level 6 in Invocations
  9978 | D:11     | 9978 ||| INVOKING Heroism.
  9992 | D:11     | HP: 22/101 [rime drake/icy flash freeze (10)]
  9995 | D:11     | Reached skill level 15 in Ranged Weapons
  9995 | D:11     | 9995 ||| DRINKING 8 potions of curing.
  9995 | D:11     | 9995 ||| (to cure confusion)
  9998 | D:11     | HP: 19/101 [troll (9)]
  9999 | D:11     | HP: 9/101 [troll (10)]
 10000 | D:11     | Mangled by a troll

Levels and vault maps discovered:
D:1:      psy_arrival_radial02, layout_loops_ring
D:2:      layout_basic, nicolae_hexahallways
D:3:      layout_rooms, grunt_ministairs_11, fountainhead, uniq_ijyb,
          uniq_sigmund, uniq_grinder
D:4:      layout_basic, serial_undead, serial_undead_f, serial_undead_e,
          serial_undead_a, serial_undead_e, ebering_ghost_sewer_d,
          nicolae_titane
D:5:      layout_basic, minmay_temple_entry_slanted, uniq_duvessa, uniq_menkaure
D:6:      layout_cave_pools, elyvilon_altar_1, uniq_maggie, uniq_pikel,
          uniq_edmund
D:7:      layout_loops_corners
D:8:      layout_loops_cross, nemelex_xobeh_ov_fountains_minmay,
          gammafunk_ghost_split, minmay_ruffians
D:9:      layout_irregular_city, jmf_multi_god_temple,
          nicolae_overflow_hidden_temple, uniq_joseph, uniq_harold
D:10:     layout_roguey, david_orc_3, serial_shops, nicolae_diamond_shop
D:11:     layout_rooms, hellmonk_lair_entry_icy, kennysheep_generic_room_3,
          uniq_urug
Temple:   regret_index_temple_sphere_string

Skill      XL: |  1  2  3  4  5  6  7  8  9 10 11 |
---------------+----------------------------------+-----
Ranged Weapons | 5 6 7 9 11 12 14 15 | 15.0
Fighting       | 3 6 7 8 10 | 10.3
Armour         | 1 2 3 4 |  4.4
Dodging        | 3 4 6 7 |  7.0
Invocations    | 2 4 6 |  6.3
Stealth        | |  0.7

Action                     |  1- 3 |  4- 6 |  7- 9 | 10-12 || total
---------------------------+-------+-------+-------+-------++-------
   Fire: Shortbow          |    84 |   119 |   268 |       ||   471
         Arbalest          |       |       |   109 |   234 ||   343
 Invoke: Heroism           |       |       |    10 |    11 ||    21
    Use: Scroll            |     1 |     2 |    14 |     6 ||    23
         Potion            |       |     1 |     4 |     2 ||     7
 Armour: Leather armour    |    10 |     2 |     1 |    25 ||    38
         Ring mail         |       |     5 |    43 |       ||    48
         Steam dragon scal |       |       |     2 |       ||     2
  Dodge: Dodged            |    25 |    28 |   137 |   126 ||   316

Table legend:
 A = Non-vault XP
 B = Vault XP
 C = Vault XP percentage of total XP
 D = Non-vault monster count
 E = Vault monster count
 F = Vault count percentage of total count
                 A         B        C        D         E       F
            +---------+---------+-------+---------+---------+-------
      Total |   10313 |    6525 |  38.8 |     192 |      44 |  18.6
            +---------+---------+-------+---------+---------+-------
        D:1 |      53 |       0 |   0.0 |      21 |       0 |   0.0
        D:2 |      97 |       0 |   0.0 |      13 |       0 |   0.0
        D:3 |      51 |     541 |  91.4 |      22 |       5 |  18.5
        D:4 |     232 |     604 |  72.2 |      13 |      12 |  48.0
        D:5 |     389 |     380 |  49.4 |       8 |       3 |  27.3
        D:6 |    1036 |    1180 |  53.2 |      34 |       3 |   8.1
        D:7 |     870 |       0 |   0.0 |      20 |       0 |   0.0
        D:8 |    2679 |     988 |  26.9 |      28 |       5 |  15.2
        D:9 |    1535 |    1490 |  49.3 |      23 |       4 |  14.8
       D:10 |    3085 |     202 |   6.1 |       6 |       6 |  50.0
       D:11 |     286 |    1140 |  79.9 |       4 |       6 |  60.0
            +---------+---------+-------+---------+---------+-------
